[Event "*** Titled Tuesday 3|2 Blitz"]
[Site "Chess.com"]
[Date "2015.03.03"]
[Round "8"]
[White "jcibarra"]
[Black "Mazetovic"]
[Result "1-0"]
[WhiteElo "2535"]
[BlackElo "2425"]
[TimeControl "180+2"]
[EndTime "12:42:52 PST"]
[Termination "jcibarra won by resignation"]

1. e4 c5 2. Nf3 Nc6 3. d4 cxd4 4.
Nxd4 g6 5. Nc3 Bg7 6. Be3 Nf6 7. Bc4 Qa5 8. O-O O-O 9. Bb3 d6 10. Nd5 Nxd5 11. exd5 Ne5 12. h3 Qa6 13. Bg5 Re8 14. a4 h6 15. Bh4 Bd7 16. Nb5 Bxb5 17. axb5 Qb6 18. Kh2 Rac8 19. Qe2 g5 20. Bg3 Ng6 21. c3 Be5 22. Bc2 Nf4 23. Qe4 Ng6 24. Qg4 Qxb5 25.
Bxg6 fxg6 26. Qe6+ Kh7 27. Bxe5 dxe5 28. Rfe1 Rg8 29.
Rxe5 Qxb2 30. Rxa7 Rc7 31. Qf7+ Rg7 32. Qf8 Rg8 33.
Rxe7+ Rxe7 34. Qxe7+ Rg7 35. Qe3 Rf7 36. f3 Qb5 37. Qd4 Qd7 38. d6 Rf4 39. Qd5 Rf7 40. c4 Rf6 41. Rxb7 1-0

[Event "*** Titled Tuesday 3|2 Blitz"]
[Site "Chess.com"]
[Date "2015.03.03"]
[Round "8"]
[White "PauloCesarCosta"]
[Black "bsmail"]
[Result "0-1"]
[WhiteElo "2035"]
[BlackElo "2044"]
[TimeControl "180+2"]
[EndTime "12:43:01 PST"]
[Termination "bsmail won by checkmate"]

1. Nf3 c5 2. c4 Nf6 3. g3 g6 4. Bg2 Bg7 5. d4 cxd4 6. Nxd4 O-O 7. O-O Qc7 8. Qd3 a6 9. Nc3 d6 10. Nb3 Nbd7 11. Nd5 Nxd5 12. cxd5 b5 13. Bg5 Ne5 14.
Qd1 h6 15. Rc1 Qb6 16. Be3 Qb8 17. Bd4 Bd7 18. h3 a5 19. f4 Nc4 20. Bxg7 Kxg7 21.
Qd3 a4 22. Nd2 Qb6+ 23. Kh2 Ne3 24. Rf3 Nxg2 25. Kxg2 Rfc8 26. Rff1 b4 27. Nf3 Bb5 28. Qd4+ Qxd4 29. Nxd4 Bc4 30. b3 Bxd5+ 31. Kf2 a3 32. Nc2 Rab8 33. Ne3 Be6 34. g4 f6 35. f5 Bf7 36.
Rfd1 g5 37. Ke1 h5 38. Kd2 h4 39. Rxc8 Rxc8 40. Rc1 Rxc1 41. Kxc1 e6 42. fxe6 Bxe6 43. Nc2 Bxg4 44. Nxb4 Bxh3 45. Nc2 g4 46. b4 g3 47. Ne3 f5 48. b5 f4 49. b6 Bc8 50. Nf5+ Kf6 51.
Nxd6 g2 52. Nxc8 g1=Q+ 53. Kc2 Qc5+ 54. Kd2 Qxc8 55. Kd3 Qd8+ 56. Ke4 Qxb6 57. Kxf4 Qb2 58. e4 Qxa2 59. e5+ Ke6 60. Kg4 Qf2 61. Kg5 Kxe5 62. Kg6 Qf5+ 63. Kg7 Ke6 64. Kg8 Qf7+ 65. Kh8 Qe7 66. Kg8 Kf6 67. Kh8 Qg7# 0-1

[Event "*** Titled Tuesday 3|2 Blitz"]
[Site "Chess.com"]
[Date "2015.03.03"]
[Round "8"]
[White "AkshatChandra"]
[Black "Spas_Kozhuharov"]
[Result "1-0"]
[WhiteElo "2539"]
[BlackElo "2407"]
[TimeControl "180+2"]
[EndTime "12:43:07 PST"]
[Termination "AkshatChandra won on time"]

1. b3 d5 2. Bb2 Bg4 3. Nf3 Bxf3 4.
exf3 e6 5. g3 Nf6 6. Bg2 g6 7. O-O Bg7 8. f4 O-O 9. d3 c6 10. Nd2 Nbd7 11. Nf3 a5 12. a3 Qb6 13. Qe2 a4 14. b4 c5 15. Rfb1 cxb4 16. axb4 Rfc8 17.
c4 Qc7 18. Ne5 dxc4 19. dxc4 Nxe5 20. Bxe5 Qxc4 21. Qxc4 Rxc4 22. Bxb7 Ra7 23. Bg2 Nd5 24. b5 Bxe5 25. fxe5 Nb6 26. Rd1 Rc5 27. Bc6 Rxe5 28. Rd8+ Kg7 29. Rb8 Nd7 30. Rd8 Nb6 31. Rb8 Nd7 32.
b6 Nxb6 33. Rxb6 a3 34. Ra2 g5 35. Rb3 Rea5 36. Kg2 h5 37. h3 f5 38. Kf1 Kf6 39.
Ke1 R7a6 40. Bf3 g4 41. Be2 Ra7 42. h4 Ra4 43. Kd2 f4 44. Bd3 fxg3 45. fxg3 Ke5 46. Rb5+ Kd4 47. Rxh5 Rb7 48. Rg5 1-0

[Event "*** Titled Tuesday 3|2 Blitz"]
[Site "Chess.com"]
[Date "2015.03.03"]
[Round "8"]
[White "stepanosinovsky"]
[Black "Chesseducation4u"]
[Result "1-0"]
[WhiteElo "2297"]
[BlackElo "2319"]
[TimeControl "180+2"]
[EndTime "12:43:09 PST"]
[Termination "stepanosinovsky won on time"]

1. e4 c6 2. d3 d5 3. Nd2 Nf6 4.
Ngf3 Bg4 5. h3 Bh5 6. g4 Bg6 7.
e5 Nfd7 8. e6 fxe6 9. Ng5 e5 10.
Ndf3 Nc5 11. Nxe5 Nbd7 12. Nxg6 hxg6 13. d4 e5 14. dxc5 Qf6 15. Qf3 Nxc5 16. Qxf6 gxf6 17. Nf3 Ne6 18. c3 c5 19. c4 O-O-O 20. cxd5 Rxd5 21. Bc4 Rd6 22. Be3 e4 23. Nd2 f5 24. gxf5 gxf5 25. Rc1 b6 26. b4 Kb7 27. bxc5 Nxc5 28. Bxc5 bxc5 29. Rb1+ Kc7 30. Ke2 Bh6 31. Nb3 Rhd8 32. Rhd1 f4 33. Nxc5 f3+ 34. Ke1 e3 35. Ne6+ Rxe6 36.
Bxe6 Re8 37. Bg4 e2 38. Rd3 1-0

[Event "*** Titled Tuesday 3|2 Blitz"]
[Site "Chess.com"]
[Date "2015.03.03"]
[Round "8"]
[White "AUSSIE_PINOY"]
[Black "DanielRensch"]
[Result "1-0"]
[WhiteElo "2227"]
[BlackElo "2247"]
[TimeControl "180+2"]
[EndTime "12:43:11 PST"]
[Termination "AUSSIE_PINOY won on time"]

1. d4 Nf6 2. Nf3 c5 3. d5 b5 4. e4 Nxe4 5. Bd3 Nf6 6. Bxb5 g6 7. c4 Bg7 8. Nc3 O-O 9. O-O d6 10. h3 Bf5 11. Re1 Ne8 12. Qe2 a6 13. Ba4 Ra7 14.
Bg5 Bf6 15. Bh6 Bg7 16. Bxg7 Nxg7 17. Qe3 e5 18. dxe6 Bxe6 19. b3 Nd7 20. Bxd7 Rxd7 21. Rad1 Re8 22. Qh6 Nf5 23. Qf4 Rde7 24. Ne4 Rd7 25.
g4 Ng7 26. Nf6+ Kh8 27. Nxe8 Nxe8 28. Ng5 Ng7 29. Ne4 h5 30. f3 Ne8 31. Kg2 Kg7 32. Re2 Qh4 33. Qg5 Qxg5 34. Nxg5 Nc7 35. Red2 d5 36.
cxd5 Bxd5 37. Ne4 hxg4 38. hxg4 a5 39. Nc3 Ne6 40. Nxd5 a4 41. Kg3 axb3 42. axb3 Rb7 43. Rd3 Nd4 44. Rxd4 cxd4 45. Rd3 Rd7 46. Nf4 1-0

[Event "*** Titled Tuesday 3|2 Blitz"]
[Site "Chess.com"]
[Date "2015.03.03"]
[Round "8"]
[White "ChessTrener"]
[Black "IMRosen"]
[Result "1-0"]
[WhiteElo "2454"]
[BlackElo "2129"]
[TimeControl "180+2"]
[EndTime "12:43:48 PST"]
[Termination "ChessTrener won by checkmate"]

1. e4 c5 2. Ne2 e6 3. Nbc3 Nc6 4.
d4 cxd4 5. Nxd4 Qc7 6. Nb3 a6 7. Bd3 Nf6 8. O-O b5 9. a3 Bb7 10. f4 d6 11. Qf3 Be7 12. Bd2 O-O 13. Qh3 e5 14. Nd5 Qc8 15. Qxc8 Raxc8 16. fxe5 dxe5 17. Nxf6+ Bxf6 18. a4 Nd4 19. Nxd4 exd4 20. axb5 axb5 21. Rf5 Rfe8 22. Re1 Bc6 23. e5 Bd8 24. Ref1 Re7 25. Bb4 Rb7 26. Bd6 Bd5 27. R5f4 Be6 28. Kh1 Bb6 29. h3 Ra7 30. Kh2 Ra2 31. b4 Rb2 32. R1f2 g6 33. g4 Bd8 34. Re2 Bb6 35. h4 Rc3 36.
Ref2 Bd8 37. g5 h6 38. gxh6 Kh7 39. h5 Kxh6 40. hxg6 fxg6 41. Rf8 Bg4 42. Rg2 Bg5 43. Rff2 Bh5 44. Bf8+ Kh7 45. e6 Rc8 46. e7 Rxb4 47.
Rxg5 Rb1 48. Rxh5+ Kg8 49. Re5 Re8 50. Bxg6 d3 51.
Bxe8 dxc2 52. Rxc2 b4 53. Rg2+ Kh7 54. Rh5# 1-0

[Event "*** Titled Tuesday 3|2 Blitz"]
[Site "Chess.com"]
[Date "2015.03.03"]
[Round "8"]
[White "patzerplay"]
[Black "AndreyOstrovskiy"]
[Result "0-1"]
[WhiteElo "2175"]
[BlackElo "2357"]
[TimeControl "180+2"]
[EndTime "12:43:53 PST"]
[Termination "AndreyOstrovskiy won by resignation"]

1. e4 e5 2. Nf3 Nc6 3. Bb5 a6 4.
Ba4 Nf6 5. O-O Be7 6. Re1 b5 7. Bb3 d6 8. c3 O-O 9. d3 h6 10.
h3 Bd7 11. Nbd2 Nh7 12. Nf1 Ng5 13. N1h2 Na5 14. Bc2 c5 15. d4 cxd4 16. cxd4 Nc6 17. a4 Rc8 18. axb5 axb5 19. Bb3 Nh7 20. Bd5 Nb4 21. Bb3 Nc6 22. d5 Na5 23. Bd2 Nxb3 24. Qxb3 f5 25. Ra7 Rc4 26. Ba5 Qc8 27. Nd2 Rc5 28.
Bb6 Rc2 29. Rxd7 Rxd2 30. Rxe7 fxe4 31. Qg3 Ng5 32. Be3 Rxb2 33. Bxg5 hxg5 34. Qxg5 Rf7 35. Rxf7 Kxf7 36. Rxe4 Rb1+ 37. Nf1 Qc2 38. Qg4 Kg8 39. Qe6+ Kf8 40. Qf5+ Kg8 41. Qf3 b4 42. g3 b3 43.
Rg4 b2 44. Qf6 Rxf1+ 45. Kxf1 b1=Q+ 46. Kg2 Qe4+ 47. Rxe4 gxf6 48. Rg4+ Kf7 49. h4 Qd1 50. Rb4 Qxd5+ 51. Kg1 Qf3 52. Rb1 d5 53. h5 Qxh5 54. g4 Qxg4+ 55. Kh1 Qe4+ 56. Kh2 0-1

[Event "*** Titled Tuesday 3|2 Blitz"]
[Site "Chess.com"]
[Date "2015.03.03"]
[Round "8"]
[White "Schemato"]
[Black "chesstatour"]
[Result "1-0"]
[WhiteElo "2074"]
[BlackElo "1887"]
[TimeControl "180+2"]
[EndTime "12:43:57 PST"]
[Termination "Schemato won by resignation"]

1. c4 e6 2. Nc3 Bb4 3. Qb3 c5 4.
a3 Bxc3 5. Qxc3 Nf6 6. g3 d5 7.
cxd5 Qxd5 8. Nf3 Nc6 9. Bg2 O-O 10. O-O e5 11. d3 Nd4 12. Nxd4 Qxd4 13. Be3 Qxc3 14. bxc3 Nd7 15. Rab1 Rb8 16. f4 b6 17. fxe5 Bb7 18. Bxb7 Rxb7 19. d4 cxd4 20. cxd4 Re8 21.
Rbc1 f6 22. Rc3 fxe5 23. d5 Nf6 24. Rd1 Rd7 25. Rcd3 Red8 26. Bg5 Rxd5 27. Bxf6 Rxd3 28.
exd3 gxf6 29. Kf2 Kf7 30. Ke3 Ke6 31. Rc1 Kd6 32. Ke4 Rg8 33. Kf5 h5 34. Rc4 Rf8 35.
Rh4 Kc5 36. Rxh5 Kd4 37. Rh7 Kxd3 38. Rxa7 Re8 39. Rd7+ Ke3 40. Kxf6 e4 41. g4 Kf2 42. Rd2+ Ke1 43. Rb2 e3 44. Kf7 Re5 45. h4 e2 46.
g5 Re4 47. h5 Rd4 48. Rxe2+ Kxe2 49. g6 Rf4+ 50. Kg7 Ra4 51. h6 Rxa3 52. h7 Ra7+ 53.
Kh6 Ra1 54. g7 Rh1+ 55. Kg6 Rg1+ 56. Kf7 Rf1+ 57. Ke7 1-0

[Event "*** Titled Tuesday 3|2 Blitz"]
[Site "Chess.com"]
[Date "2015.03.03"]
[Round "8"]
[White "Aragon"]
[Black "SuPeR_Fm"]
[Result "0-1"]
[WhiteElo "1960"]
[BlackElo "2338"]
[TimeControl "180+2"]
[EndTime "12:44:56 PST"]
[Termination "SuPeR_Fm won by resignation"]

1. e4 e5 2. d4 exd4 3. c3 dxc3 4.
Bc4 cxb2 5. Bxb2 d5 6. Bxd5 Nf6 7. Nc3 Nxd5 8. Nxd5 Nc6 9. Qf3 Be6 10. O-O-O Qg5+ 11. Kb1 O-O-O 12. Nh3 Qg4 13. Nhf4 Qxf3 14. gxf3 Rg8 15. Rhg1 Bd6 16. Nh5 Bxh2 17. Rh1 Be5 18. Bxe5 Nxe5 19. Ne7+ Kb8 20. Nxg8 Rxg8 21. f4 Ng4 22. f5 Bc8 23. Rd2 g6 24. Ng3 h5 25.
f3 Ne5 26. f4 Nc4 27. Rd4 Nd6 28. fxg6 fxg6 29. e5 Nf5 30. Nxf5 Bxf5+ 31. Kb2 Kc8 32.
Kc3 Rh8 33. Rh4 b6 34. Rd2 Rf8 35. Rg2 Be4 36. Re2 Bf5 37. Rd2 a5 38. Rd5 Bg4 39. Rd4 Kb7 40. Kd2 Kc6 41. Ke3 Be6 42. Rh2 Kb7 43. Rc2 h4 44. Rh2 h3 45. Kf3 g5 46.
Kg3 gxf4+ 47. Rxf4 Rg8+ 48. Kf3 Rg2 49. Rxg2 Bd5+ 50.
Kg3 hxg2 51. Kf2 c5 52. Rf6 a4 53. Rd6 Bxa2 54. e6 Kc7 55. e7 Bf7 56. Rd8 b5 57. e8=Q Bxe8 58. Rxe8 a3 59. Kxg2 b4 60. Kf2 a2 61. Ra8 b3 62. Ke2 b2 0-1

[Event "*** Titled Tuesday 3|2 Blitz"]
[Site "Chess.com"]
[Date "2015.03.03"]
[Round "8"]
[White "HansCoolNiemann"]
[Black "LADIESGET2KNOWME"]
[Result "0-1"]
[WhiteElo "1833"]
[BlackElo "2257"]
[TimeControl "180+2"]
[EndTime "12:45:45 PST"]
[Termination "LADIESGET2KNOWME won by checkmate"]

1. d4 Nf6 2. c4 g6 3. Nc3 Bg7 4.
e4 d6 5. Nf3 O-O 6. Be2 e5 7.
dxe5 dxe5 8. Qxd8 Rxd8 9. Bg5 Nbd7 10. O-O-O Rf8 11. Ne1 c6 12. f3 Re8 13. Be3 Nf8 14.
Nc2 Ne6 15. g3 Bf8 16. Rd2 Bc5 17. Bxc5 Nxc5 18. b4 Ne6 19. Rhd1 Kf8 20. c5 Ke7 21. Kb2 Bd7 22. Ne3 Nd4 23. Nc4 Nxe2 24. Nxe2 Kd8 25. Nd6 Re7 26. Nxb7+ Kc7 27. Nd6 Rb8 28. Kc3 a5 29. a3 Be6 30. Rb2 axb4+ 31. Rxb4 Nd7 32. Rxb8 Kxb8 33. Kb4 Kc7 34. Nc3 f5 35. Na4 Rg7 36.
Nc4 Rg8 37. Ncb6 fxe4 38. fxe4 Rf8 39. Rd6 Bh3 40. Nxd7 Bxd7 41. Nb6 Bg4 42. Rd2 Rf1 43. Nc4 Re1 44. Rf2 Rxe4 45. Rf7+ Kb8 46. Kc3 Rxc4+ 47. Kxc4 Be6+ 48. Kd3 Bxf7 49. Ke4 Kc7 50. Kxe5 Kd7 51. Kf6 Ke8 52. a4 Bc4 53. Kg7 Ke7 54. Kxh7 Kf6 55.
Kh6 Bd3 56. a5 Ke6 57. a6 Bxa6 58. Kxg6 Kd5 59. h4 Kxc5 60. h5 Kd4 61. h6 c5 62. g4 Bd3+ 63. Kg7 c4 64. g5 c3 65. g6 c2 66. h7 c1=Q 67. h8=Q Qc7+ 68. Kh6+ Ke3 69. Qe8+ Be4 70. g7 Qf4+ 71. Kh5 Qf5+ 72. Kh6 Qh7+ 73. Kg5 Qxg7+ 74. Kh4 Qh6+ 75. Qh5 Qe6 76.
Qg5+ Kd3 77. Qg3+ Kc4 78. Qg4 Qh6+ 79. Qh5 Qe3 80. Qf7+ Kc3 81. Qf6+ Kc2 82. Qg5 Qf2+ 83. Qg3 Qf6+ 84. Qg5 Qe6 85. Qg4 Qe5 86. Qc8+ Kd2 87. Qd7+ Ke3 88. Qh3+ Bf3 89. Qf1 Qf6+ 90. Kg3 Qg5+ 91.
Kh2 Qf4+ 92. Kh3 Bg4+ 93. Kg2 Bh3+ 94. Kxh3 Qxf1+ 95. Kg4 Qf4+ 96. Kh5 Qg3 97. Kh6 Kf4 98. Kh7 Kf5 99. Kh6 Qg6# 0-1

[Event "*** Titled Tuesday 3|2 Blitz"]
[Site "Chess.com"]
[Date "2015.03.03"]
[Round "8"]
[White "GeorgMeier"]
[Black "exoticprincess"]
[Result "1-0"]
[WhiteElo "2747"]
[BlackElo "2766"]
[TimeControl "180+2"]
[EndTime "12:47:50 PST"]
[Termination "GeorgMeier won on time"]

1. Nf3 Nf6 2. g3 d5 3. Bg2 c6 4. O-O g6 5. b3 Bg7 6. Bb2 O-O 7. c4 Na6 8. d3 Nc7 9. Nbd2 Bg4 10. Qc2 Bxf3 11.
Nxf3 e6 12. Rfd1 Qe7 13. e4 Rfd8 14. e5 Nd7 15. Qe2 a5 16. h4 h6 17. Bd4 a4 18.
b4 a3 19. Rab1 Ra4 20. Bc3 Rc8 21. Qc2 Raa8 22. Re1 Na6 23. Qb3 Nc7 24. Re2 Qd8 25.
Rbe1 Bf8 26. Nh2 h5 27. Nf3 Be7 28. Bd2 Qf8 29. Rb1 Qg7 30. Bc3 Na6 31. Qd1 Qf8 32. Qb3 Nc7 33. Rbe1 Qh6 34. Bh3 Qg7 35. Kg2 Qf8 36.
Rb1 dxc4 37. dxc4 b5 38. c5 Nd5 39. Bd2 Qg7 40. Kg1 Bd8 41. Rbe1 Bc7 42. Bg2 Ra6 43. Re4 Rd8 44. Bg5 Rda8 45. Bd2 Ra4 46. Bf1 R8a6 47. Qc2 Ra8 48. Bd3 Nb8 49. Rd4 Na6 50. Ree4 Nb8 51. Re1 Na6 52. Ree4 Rd8 53. Qb1 Nb8 54. Bc2 Ra6 55.
Re1 Nd7 56. Rde4 Rda8 57. Qc1 Nf8 58. Bh6 Qh8 59. Bb3 Nd7 60. Bd2 Qg7 61. Kg2 Ne7 62.
Bh6 Qh8 63. Bg5 Nd5 64. Bd2 Re8 65. Qc2 Qg7 66. Qd3 Raa8 67. Qe2 Bb8 68. g4 hxg4 69. Rxg4 Qh8 70. Bc2 Kf8 71. Qe4 Bc7 72. Rg3 Rab8 73.
Re2 Rbd8 74. Re1 Bb8 75. Re2 Ne7 76. Rg5 Nf5 77. Bc3 Qh6 78. Qg4 Ne7 79. h5 Nd5 80.
Bd2 Qg7 81. hxg6 f5 82. Qh4 Kg8 83. Rh5 Nf8 84. Bh6 Nxg6 85. Bxg7 Nxh4+ 86. Rxh4 Kxg7 87. Nd4 Kf7 88. Bb3 Rg8+ 89. Kf3 Rc8 90. Re1 Rg7 91.
Rh6 Rg6 92. Rxg6 Kxg6 93. Bxd5 exd5 94. Rg1+ Kf7 95. Kf4 Rh8 96. Nxf5 Rh5 97. Rg7+ Kf8 98. Rb7 1-0

[Event "*** Titled Tuesday 3|2 Blitz"]
[Site "Chess.com"]
[Date "2015.03.03"]
[Round "9"]
[White "MinhGTrAn"]
[Black "Brandon_Clarke"]
[Result "1-0"]
[WhiteElo "2428"]
[BlackElo "2318"]
[TimeControl "180+2"]
[EndTime "12:50:28 PST"]
[Termination "MinhGTrAn won by resignation"]

1. Nf3 Nf6 2. b3 g6 3. Bb2 Bg7 4. e3 O-O 5. Be2 a6 6. O-O b5 7. a4 b4 8. a5 Bb7 9. d4 d6 10.
Nbd2 c5 11. Nc4 Nbd7 12. dxc5 dxc5 13. Nfe5 Ne4 14. Qxd7 Qxd7 15. Nxd7 Bxb2 16. Nxb2 Rfd8 17. Nb6 Nc3 18. Bd3 Ra7 19. N2a4 1-0

[Event "*** Titled Tuesday 3|2 Blitz"]
[Site "Chess.com"]
[Date "2015.03.03"]
[Round "9"]
[White "Rijeka1999"]
[Black "Aragon"]
[Result "0-1"]
[WhiteElo "2218"]
[BlackElo "1973"]
[TimeControl "180+2"]
[EndTime "12:52:08 PST"]
[Termination "Aragon won by resignation"]

1. e4 d5 2. exd5 Qxd5 3. Nf3 Qd6 4. Nc3 c6 5. d4 Bg4 6. Be2 Nd7 7. Be3 Ngf6 8. Qd2 e6 9. h3 Bf5 10. g4 Bg6 11.
O-O-O Qc7 12. Bf4 Bd6 13. Bg5 h6 14. Be3 Qa5 15. a3 Nd5 16. Nxd5 Qxd2+ 17. Nxd2 cxd5 18.
f4 Rc8 19. c3 Rxc3+ 0-1

[Event "*** Titled Tuesday 3|2 Blitz"]
[Site "Chess.com"]
[Date "2015.03.03"]
[Round "9"]
[White "Colombiano07"]
[Black "PauloCesarCosta"]
[Result "1/2-1/2"]
[WhiteElo "1937"]
[BlackElo "2033"]
[TimeControl "180+2"]
[EndTime "12:53:26 PST"]
[Termination "Game drawn by repetition"]

1. e4 e6 2. d4 d5 3. Nd2 Nf6 4. e5 Nfd7 5. Bd3 c5 6. c3 Nc6 7. Ngf3 cxd4 8. cxd4 Be7 9. O-O O-O 10. a3 f6 11. b4 fxe5 12. dxe5 Ndxe5 13. Nxe5 Nxe5 14. Bxh7+ Kxh7 15. Qh5+ Kg8 16. Bb2 Nc4 17. Bxg7 Kxg7 18. Nxc4 dxc4 19. Qg4+ Kh6 20. Qh3+ Kg7 21. Qg4+ Kh6 22.
Qh3+ Kg6 23. Qg4+ Kf6 24. Qf4+ Kg7 25. Qg4+ 1/2-1/2

[Event "*** Titled Tuesday 3|2 Blitz"]
[Site "Chess.com"]
[Date "2015.03.03"]
[Round "9"]
[White "Chesseducation4u"]
[Black "biostatistician"]
[Result "1-0"]
[WhiteElo "2326"]
[BlackElo "2282"]
[TimeControl "180+2"]
[EndTime "12:53:37 PST"]
[Termination "Chesseducation4u won by resignation"]

1. Nf3 Nf6 2. g3 g6 3. b3 Bg7 4. Bb2 b6 5. Bg2 Bb7 6. O-O O-O 7. c4 c5 8. Nc3 Nc6 9. Rc1 Rc8 10. e3 d5 11. Nxd5 Nxd5 12. Bxg7 Kxg7 13. cxd5 Qxd5 14. d4 cxd4 15. Nxd4 Qxg2+ 16. Kxg2 Nxd4+ 17. f3 Nxf3 18. Rxf3 Rfd8 19. Qe1 Rxc1 20. Qxc1 Rd3 21. Kf2 f5 22. Rf4 Be4 23. Ke2 Kf6 24. Qc7 g5 25. Rxe4 fxe4 26. Qxa7 Rd6 27. a4 Rc6 28. Qb7 Rc1 29. Qxe4 1-0

[Event "*** Titled Tuesday 3|2 Blitz"]
[Site "Chess.com"]
[Date "2015.03.03"]
[Round "9"]
[White "MattyDPerrine"]
[Black "pedromartinez91"]
[Result "0-1"]
[WhiteElo "2188"]
[BlackElo "2169"]
[TimeControl "180+2"]
[EndTime "12:54:04 PST"]
[Termination "pedromartinez91 won by resignation"]

1. d4 d5 2. c4 dxc4 3. Nf3 c5 4. e3 cxd4 5. exd4 e6 6. Bxc4 Nf6 7. O-O Be7 8. Qe2 O-O 9. Nc3 Nc6 10. Rd1 Na5 11.
Bd3 b6 12. Bg5 Bb7 13. Rac1 Rc8 14. Bb1 Nd5 15. Qd3 g6 16. Bh6 Re8 17. Ne5 Bg5 18. Bxg5 Qxg5 19. Ne4 Qxc1 20. Nd6 Qg5 21. Nexf7 Qf6 22.
Nh6+ Kg7 23. Ng4 Qe7 24. Qg3 Nc6 25. h4 Nf6 26. Ne3 Nh5 27. Qg4 Qxd6 0-1

[Event "*** Titled Tuesday 3|2 Blitz"]
[Site "Chess.com"]
[Date "2015.03.03"]
[Round "9"]
[White "wonderfultime"]
[Black "GeorgMeier"]
[Result "1/2-1/2"]
[WhiteElo "2552"]
[BlackElo "2743"]
[TimeControl "180+2"]
[EndTime "12:54:39 PST"]
[Termination "Game drawn by repetition"]

1. d4 e6 2. c4 Nf6 3. Nf3 d5 4. Nc3 Be7 5. Bf4 O-O 6. e3 Nbd7 7. c5 c6 8. Bd3 b6 9. b4 a5 10. a3 Ba6 11. b5 Bb7 12. cxb6 Nxb6 13. O-O a4 14. bxc6 Bxc6 15. Ne5 Be8 16. Qb1 h6 17.
Rc1 Rc8 18. h3 Nc4 19. Nxc4 dxc4 20. Be4 Nxe4 21. Nxe4 Bc6 22. Nc3 Qa5 23. Qc2 Rfd8 24. Rcb1 Qa8 25. f3 Qa7 26. Bg3 Qa5 27. Rb2 Bg5 28. Bf2 Be7 29. Bg3 Bg5 30. Bf2 Be7 31. Bg3 1/2-1/2

[Event "*** Titled Tuesday 3|2 Blitz"]
[Site "Chess.com"]
[Date "2015.03.03"]
[Round "9"]
[White "EltajSafarli"]
[Black "zmaj23"]
[Result "1-0"]
[WhiteElo "2693"]
[BlackElo "2358"]
[TimeControl "180+2"]
[EndTime "12:54:48 PST"]
[Termination "EltajSafarli won by resignation"]

1. e4 c5 2. Nf3 d6 3. d4 cxd4 4. Nxd4 Nf6 5. Nc3 a6 6. Be3 e6 7. g4 b5 8. g5 Nfd7 9. a3 Nb6 10. h4 Bb7 11. h5 N8d7 12. g6 hxg6 13. hxg6 Rxh1 14.
gxf7+ Ke7 15. Qg4 Qc8 16. Qxe6+ Kd8 17. Qe8+ Kc7 18. Ne6+ Kc6 19. Nd5 Rxf1+ 20. Kxf1 Nxd5 21. exd5+ Kxd5 22. Nxf8 Qxe8 23. fxe8=Q Rxe8 24. Nxd7 Kc6 25. Nb6 Rxe3 26. fxe3 Kxb6 27. Rd1 Kc7 28. Ke2 Be4 29. Rf1 Kc6 30. Kd2 g6 31. Kc3 Kd5 32. Rf8 Bf5 33. Ra8 g5 34. Kd2 g4 35. c3 Be4 36. Rxa6 g3 37.
Ke2 Kc5 38. a4 bxa4 39. Rxa4 d5 40. Rxe4 1-0

[Event "*** Titled Tuesday 3|2 Blitz"]
[Site "Chess.com"]
[Date "2015.03.03"]
[Round "9"]
[White "IMLevAltounian"]
[Black "brauliocuarta"]
[Result "1-0"]
[WhiteElo "2440"]
[BlackElo "2048"]
[TimeControl "180+2"]
[EndTime "12:54:53 PST"]
[Termination "IMLevAltounian won by resignation"]

1. Nf3 Nf6 2. c4 c5 3. g3 b6 4.
Bg2 Bb7 5. O-O d6 6. Nc3 e6 7. d4 cxd4 8. Qxd4 Be7 9. Bg5 O-O 10.
Rfd1 Ne8 11. Bxe7 Qxe7 12. Nb5 Nc6 13. Qf4 Rd8 14. Rd2 a6 15. Nc3 Nf6 16. Rad1 e5 17. Qe3 Qc7 18. Na4 b5 19. cxb5 axb5 20. Qb6 Qe7 21.
Nc3 b4 22. Nb5 d5 23. Nh4 e4 24. Nf5 Qe5 25. Qxb7 Qxf5 26. Qxc6 Ng4 27. e3 Ne5 28. Nd6 Nf3+ 29. Bxf3 Rxd6 30. Qxd6 exf3 31. Qf4 Qh3 32. Qxf3 1-0

[Event "*** Titled Tuesday 3|2 Blitz"]
[Site "Chess.com"]
[Date "2015.03.03"]
[Round "9"]
[White "exoticprincess"]
[Black "AkshatChandra"]
[Result "1/2-1/2"]
[WhiteElo "2758"]
[BlackElo "2550"]
[TimeControl "180+2"]
[EndTime "12:55:14 PST"]
[Termination "Game drawn by repetition"]

1. b3 e5 2. Bb2 Nc6 3. e3 Nf6 4.
Bb5 Bd6 5. Na3 a6 6. Bxc6 dxc6 7.
Nc4 Qe7 8. Ne2 O-O 9. O-O Bg4 10.
f3 Bh5 11. g4 Bg6 12. e4 Bc5+ 13. Kg2 Nd7 14. Ng3 f6 15. h4 h6 16. h5 Bh7 17.
a4 Rfd8 18. a5 Nf8 19. Nf5 Qf7 20. d3 Ne6 21. Bc1 Kh8 22. Kg3 b5 23. axb6 cxb6 24. Be3 Bxf5 25. gxf5 Bxe3 26. Nxe3 Nf4 27. Rh1 b5 28.
Qd2 Rd7 29. Kg4 Rda7 30. b4 Qe7 31. Qc3 Rc8 32. Qc5 Qxc5 33. bxc5 a5 34. Rh2 a4 35. Rd2 Rd8 36. Nd1 b4 37. Nb2 Rda8 38. Nc4 b3 39. Ra3 bxc2 40. Rxc2 Rd8 41. Nd6 Kg8 42. d4 Rb8 43.
dxe5 fxe5 44. Nc4 Rb3 45. Rxb3 axb3 46. Rb2 Ra2 47. Rxb3 Rg2+ 48. Kh4 Rh2+ 49. Kg4 Rg2+ 50. Kh4 Rh2+ 51. Kg4 Rg2+ 52. Kh4 1/2-1/2

[Event "*** Titled Tuesday 3|2 Blitz"]
[Site "Chess.com"]
[Date "2015.03.03"]
[Round "9"]
[White "jcibarra"]
[Black "ChessTrener"]
[Result "1-0"]
[WhiteElo "2542"]
[BlackElo "2448"]
[TimeControl "180+2"]
[EndTime "12:55:18 PST"]
[Termination "jcibarra won by resignation"]

1. e4 c5 2. Nf3 Nc6 3. d4 cxd4 4.
Nxd4 g6 5. Nc3 Bg7 6. Be3 Nf6 7. Bc4 O-O 8. Bb3 a5 9. O-O d6 10. Ndb5 Be6 11. f3 Rc8 12. Qe2 Ne5 13. Rad1 Nc4 14. Nd4 Nxe3 15. Nxe6 fxe6 16. Bxe6+ Kh8 17. Qxe3 Rc5 18.
Qxc5 dxc5 19. Rxd8 Rxd8 20. Rd1 Rxd1+ 21. Nxd1 Nh5 22.
g3 Bd4+ 23. Kf1 Kg7 24. c3 Be5 25. f4 Bc7 26. a4 Nf6 27. Nf2 h6 28. e5 Ne8 29. Ne4 Bb6 30. Bd5 Nc7 31. Bxb7 Kf7 32. Bc8 c4 33. Ke2 Bg1 34. Nd2 g5 35. Kf1 Be3 36.
Nxc4 Bc1 37. f5 e6 38. g4 Bf4 39. h3 Nd5 1-0

[Event "*** Titled Tuesday 3|2 Blitz"]
[Site "Chess.com"]
[Date "2015.03.03"]
[Round "9"]
[White "Mvpag"]
[Black "chesstatour"]
[Result "0-1"]
[WhiteElo "1845"]
[BlackElo "1894"]
[TimeControl "180+2"]
[EndTime "12:55:43 PST"]
[Termination "chesstatour won by checkmate"]

1. d4 e6 2. Nf3 f5 3. c4 Nf6 4. Nc3 Bb4 5. Bd2 b6 6. e3 O-O 7. Bd3 Bb7 8. O-O c5 9. d5 Bxc3 10. Bxc3 Ne4 11. Bxe4 fxe4 12. Ne5 exd5 13. cxd5 d6 14.
Nc4 b5 15. Na5 Bc8 16. a3 Qg5 17. Kh1 Bg4 18. Qc2 Bf5 19. Rad1 Nd7 20. Nc6 a6 21. b4 Rae8 22. bxc5 Nxc5 23. Nd4 Bg4 24. Rd2 Qh5 25. f4 exf3 26. Nxf3 Ne4 27. Nd4 Rxf1# 0-1

[Event "*** Titled Tuesday 3|2 Blitz"]
[Site "Chess.com"]
[Date "2015.03.03"]
[Round "9"]
[White "stepanosinovsky"]
[Black "Ar4uha"]
[Result "0-1"]
[WhiteElo "2292"]
[BlackElo "2461"]
[TimeControl "180+2"]
[EndTime "12:55:57 PST"]
[Termination "Ar4uha won on time"]

1. e4 d5 2. exd5 Nf6 3. Bb5+ Bd7 4.
Bc4 Bg4 5. f3 Bf5 6. g4 Bg6 7.
Nc3 Nbd7 8. f4 h5 9. f5 Bh7 10. g5 Ng4 11. g6 fxg6 12. d4 gxf5 13. Nge2 e6 14. dxe6 Qh4+ 15. Ng3 Nb6 16. Bb3 Bd6 17. Qf3 Nxh2 18. Rxh2 Bxg3+ 19. Rf2 Bxf2+ 20. Qxf2 Qxf2+ 21. Kxf2 O-O-O 22. Bf4 Rxd4 23. Be5 Rg4 24. Nb5 Nc4 25. Bxc4 Rxc4 26. Bxg7 Rg8 27. Bc3 Re8 28. Re1 Re4 29.
Rxe4 fxe4 30. Nxa7+ Kb8 31. Nb5 Rxe6 32. Bd2 h4 33.
Bf4 Re7 34. Ke3 h3 35. c4 Rf7 36. Be5 Rf3+ 37. Ke2 Bf5 38. Bxc7+ Kc8 39. Be5 Bg4 40. Ke1 Kd7 0-1

[Event "*** Titled Tuesday 3|2 Blitz"]
[Site "Chess.com"]
[Date "2015.03.03"]
[Round "9"]
[White "BjarkeSahl"]
[Black "Mazetovic"]
[Result "1-0"]
[WhiteElo "2121"]
[BlackElo "2330"]
[TimeControl "180+2"]
[EndTime "12:56:00 PST"]
[Termination "BjarkeSahl won by resignation"]

1. e4 c5 2. Nf3 Nc6 3. d4 cxd4 4.
Nxd4 g6 5. c4 Bg7 6. Nc2 Nf6 7.
Nc3 O-O 8. Be2 d6 9. O-O Nd7 10. Bd2 a5 11. b3 Nc5 12. f3 f5 13. exf5 Bxf5 14. Ne3 Bd3 15. Kh1 Nb4 16. Ned5 e6 17. Ne3 d5 18. cxd5 exd5 19. Bxd3 Ncxd3 20. Ng4 d4 21. Ne4 h5 22. Bg5 Qd5 23. Ngf6+ Bxf6 24. Nxf6+ Rxf6 25. Bxf6 Rf8 26. Bh4 Nf4 27. Bg3 Ne6 28.
a3 Nc6 29. Re1 Nc5 30. b4 Nb3 31. Rb1 a4 32. Qd3 Qf5 33. Qc4+ Qf7 34. Qd3 Qf5 35. Re4 Rd8 36. h4 Rd7 37. Rbe1 Kf7 38. b5 Ne7 39. Qc4+ Kf8 40. Rxe7 Rxe7 41. Bd6 1-0